Map: Ascension to Aiur LE

Players

eKs - Winner!

  • Race: Terran Terran
  • League: Platinum
  • Spawn Location: 5:00

Solo

  • Race: Terran Terran
  • League: Gold
  • Spawn Location: 11:00

VOD

Have the link to the VOD?

Description

Time

  • Played on: Nov. 25, 2017, 6:35 p.m.
  • Length: 4:58
Show
View Real Time Build Order
Export as new Build Order

eKs Terran - Winner!

Build Orders: Cyclone Opening 

Get SALT Encoding   

  12  0:03  SCV  
  13  0:15  SCV  
  13  0:17  Supply Depot  
  14  0:27  SCV  
  15  0:29  Refinery  
  15  0:35  Refinery  
  15  0:40  SCV  
  16  0:54  Barracks  
  16  0:57  SCV  
  17  1:09  SCV  
  18  1:21  SCV  
  19  1:33  SCV  
  20  1:46  Factory, SCV  
  21  1:53  Barracks Reactor  
  21  1:58  SCV  
  22  2:10  SCV  
  23  2:18  Bunker  
  23  2:22  Orbital Command  
  23  2:27  Supply Depot  
  22  2:47  Barracks Tech Lab  
  22  2:49  Cyclone  
  25  2:55  Cyclone  
  28  3:02  SCV  
  29  3:21  Cyclone  
  32  3:27  Cyclone  
  35  3:44  Factory  
  35  3:45  Barracks Reactor  
  35  3:53  Cyclone  
  38  4:24  Supply Depot  
Show
View Real Time Build Order
Export as new Build Order

Solo Terran 

Build Orders:  

Get SALT Encoding   

  12  0:04  SCV  
  13  0:16  SCV  
  14  0:28  SCV  
  15  0:31  Supply Depot  
  15  0:37  Refinery  
  15  0:53  SCV  
  15  0:55  Barracks  
  16  1:05  SCV  
  17  1:17  SCV  
  18  1:29  SCV  
  19  1:41  SCV  
  19  1:42  Supply Depot  
  20  1:48  Command Center  
  20  1:49  Reaper  
  21  2:01  SCV  
  22  2:13  SCV  
  23  2:15  Factory  
  24  2:38  Orbital Command  
  24  2:41  Refinery  
  23  2:45  Barracks Reactor  
  23  3:04  Starport  
  23  3:06  Factory Tech Lab  
  23  3:09  SCV  
  24  3:16  SCV  
  25  3:20  Bunker  
  25  3:21  SCV  
  26  3:27  Siege Tank  
  26  3:28  SCV  
  26  3:33  SCV  
  31  3:40  SCV  
  32  3:52  Barracks Tech Lab  
  32  3:55  Factory  
  32  3:59  SCV x2  
  33  4:11  SCV  
  29  4:17  Siege Tank  
  29  4:18  Marine  
  29  4:23  SCV  
  31  4:31  Bunker  
  31  4:36  Marine  
Tags
 
Add a new tag
Caveats
  • Supply blocks, unpowered buildings, or Contaminate may cause inaccurate times.
  • Supply counts are checked every 10 seconds.